 Dungeon Crawl Stone Soup version 0.17.0-24-gcfadda4 (console) character file.

1374 gw the Cleaver (level 8, 0/71 HPs)
             Began as a Minotaur Berserker on Nov 15, 2015.
             Was a Believer of Trog.
             Slain by djmy96's ghost (2 damage)
             ... on level 5 of the Dungeon.
             The game lasted 00:03:24 (5037 turns).

gw the Cleaver (Minotaur Berserker)                 Turns: 5037, Time: 00:03:24

Health: 0/71       AC: 11    Str: 21    XL:     8   Next: 39%
Magic:  7/7        EV:  8    Int:  4    God:    Trog [**....]
Gold:   238        SH:  0    Dex: 13    Spells: 0 memorised, 7 levels left

rFire  . . .     SeeInvis .     b - +0 war axe
rCold  . . .     Clarity  +     d - +0 chain mail
rNeg   . . .     SustAt   .     (no shield)
rPois  .         Gourm    .     (helmet restricted)
rElec  .         Spirit   .     i - +0 cloak
rCorr  .         Warding  .     (no gloves)
rMut   .         Stasis   .     (no boots)
MR     .....                    k - amulet of clarity
Stlth  ..........               (no ring)
                                (no ring)

@: not resistant to hostile enchantments, extremely unstealthy
A: retaliatory headbutt, horns 2
a: Berserk, Trog's Hand, Burn Spellbooks, Renounce Religion


You were on level 5 of the Dungeon.
You worshipped Trog.
Trog was pleased with you.
You were very hungry.

You visited 1 branch of the dungeon, and saw 5 of its levels.

You collected 238 gold pieces.

Inventory:

Hand Weapons
 b - a +0 war axe (weapon)
Missiles
 g - 12 poisoned needles
 l - 58 stones (quivered)
 o - 4 curare-tipped needles
Armour
 d - a +0 chain mail (worn)
 i - a +0 cloak (worn)
Jewellery
 k - an amulet of clarity (around neck)
Wands
 f - a wand of draining (4)
 n - a wand of digging (15)
Scrolls
 h - 3 scrolls of remove curse
 s - 3 scrolls of identify
Potions
 e - a potion of heal wounds
 m - 4 potions of curing
Comestibles
 c - 4 bread rations
 j - 2 meat rations
 p - a beef jerky


   Skills:
 + Level 6.6 Fighting
 * Level 8.9 Axes
 + Level 4.2 Throwing
 + Level 5.7 Armour
 - Level 2.1 Dodging


You had 7 spell levels left.
You didn't know any spells.

Dungeon Overview and Level Annotations

Branches:
Dungeon (5/15)             Temple (0/1) D:4

Altars:
Elyvilon
Sif Muna

Annotations:
D:5 djmy96's ghost, amateur TrBe


Innate Abilities, Weirdness & Mutations

You reflexively headbutt those who attack you in melee.
You have a pair of horns on your head.


Message History

You miss something.
Djmy96's ghost crushes a nearby insect and laughs.
Djmy96's ghost hits you. Something hits you but does no damage.
MOVING TO (-1,3) Djmy96's ghost barely misses you.
Something hits you but does no damage.
MOVING TO (-1,2) Djmy96's ghost hits you!
MOVING TO (-1,1) MOVING TO (4,-1) Djmy96's ghost hits you but does no damage.
Something hits you. Something shocks you.
MOVING TO (3,-1) Djmy96's ghost grins evilly.
Something hits you but does no damage.
MOVING TO (2,-1) MOVING TO (1,-1) Trying to move but square is occupied??
Making a random move Djmy96's ghost hits you.
You die...

#..............%##
####..............
#(.............
#..............
#..........#ยค.#
#########..........#..#
##....!.##...........(..
#..........$>...........
#......H................
#.....W.................
#.......................
#........####...........
#........# .....
##......## .....
######## ..


You could see djmy96's ghost.

Table legend:
 A = Turns spent in this place as a percentage of turns spent in the entire game.
 B = Non-inter-level travel turns spent in this place as a percentage of non-inter-level travel turns spent in the entire game.
 C = Inter-level travel turns spent in this place as a percentage of turns spent in this place.
 D = Turns resting spent in this place as a percentage of non-inter-level travel turns spent in this place.
 E = Turns spent auto-exploring this place as a percentage of non-inter-level travel turns spent in this place.
 F = Non-inter-level travel turns spent in this place divided by the number of levels of this place that you've seen.
                   A       B       C       D       E      F
               +-------+-------+-------+-------+-------+----------------------
         Total | 100.0 | 100.0 |   0.5 |   1.1 |   2.8 | 1285.8
       Dungeon | 100.0 | 100.0 |   0.5 |   1.1 |   2.8 | 1285.8
               +-------+-------+-------+-------+-------+----------------------

Table legend:
 A = Kills in this place as a percentage of kills in entire the game.
 B = Kills by you in this place as a percentage of kills by you in the entire game.
 C = Kills by friends in this place as a percentage of kills by friends in the entire game.
 D = Other kills in this place as a percentage of other kills in the entire game.
 E = Experience gained in this place as a percentage of experience gained in the entire game.
 F = Experience gained in this place divided by the number of levels of this place that you have seen.
                   A       B       C       D       E      F
               +-------+-------+-------+-------+-------+----------------------
         Total | 100.0 | 100.0 |  -nan |  -nan | 100.0 | 392.6
       Dungeon | 100.0 | 100.0 |  -nan |  -nan | 100.0 | 392.6
               +-------+-------+-------+-------+-------+----------------------

Vanquished Creatures
  The ghost of worldfamousw the Ducker, a novice DEMo (D:4)
  Grinder (D:4)
  The ghost of gw the Chucker, an amateur TeHu of Nemelex Xobeh (D:3)
  Sigmund (D:4)
  Edmund (D:4)
  A phantom (D:4)
  An ogre (D:4)
  A scorpion (D:4)
  A crimson imp (D:5)
  A centaur skeleton (D:5)
  3 worker ants
  3 gnolls (D:2)
  3 adders
  An adder zombie (D:5)
  3 worms
  2 giant geckos
  An orc (D:3)
  6 giant cockroaches
  8 goblins
  7 hobgoblins
  10 jackals
  4 quokkas (D:4)
  A ball python (D:2)
  6 bats
  6 giant newts
  9 kobolds
  6 rats
89 creatures vanquished.

Notes
Turn   | Place    | Note
--------------------------------------------------------------
     0 | D:1      | gw the Minotaur Berserker began the quest for the Orb.
     0 | D:1      | Reached XP level 1. HP: 19/19 MP: 0/0
   239 | D:1      | Reached skill level 4 in Axes
   542 | D:1      | Reached XP level 2. HP: 27/27 MP: 1/1
   928 | D:2      | Reached skill level 1 in Throwing
   992 | D:2      | Reached XP level 3. HP: 33/33 MP: 2/2
  1666 | D:2      | Reached XP level 4. HP: 36/40 MP: 3/3
  1679 | D:2      | Reached ** piety under Trog
  2480 | D:2      | Reached skill level 5 in Axes
  2576 | D:3      | Noticed gw's ghost (amateur TeHu)
  2593 | D:3      | Killed gw's ghost
  2593 | D:3      | Reached skill level 5 in Fighting
  2593 | D:3      | Reached XP level 5. HP: 48/48 MP: 4/4
  2730 | D:3      | Reached XP level 6. HP: 56/56 MP: 5/5
  2747 | D:3      | Found a white marble altar of Elyvilon.
  2953 | D:3      | Reached skill level 6 in Axes
  3662 | D:4      | Noticed Edmund
  3670 | D:4      | Killed Edmund
  3814 | D:4      | Noticed Sigmund
  3822 | D:4      | Killed Sigmund
  3822 | D:4      | Reached skill level 7 in Axes
  3822 | D:4      | Reached XP level 7. HP: 61/61 MP: 6/6
  3923 | D:4      | Found a staircase to the Ecumenical Temple.
  4103 | D:4      | Noticed worldfamousw's ghost (novice DEMo)
  4120 | D:4      | Killed worldfamousw's ghost
  4276 | D:4      | Reached skill level 8 in Axes
  4276 | D:4      | Reached skill level 5 in Armour
  4423 | D:4      | Found a deep blue altar of Sif Muna.
  4426 | D:4      | Noticed Grinder
  4435 | D:4      | Killed Grinder
  4435 | D:4      | Reached XP level 8. HP: 69/71 MP: 7/7
  4929 | D:5      | Entered Level 5 of the Dungeon
  4972 | D:5      | Noticed djmy96's ghost (amateur TrBe)
  5033 | D:5      | HP: 1/71 [something (5)]
  5037 | D:5      | Slain by djmy96's ghost

Action                   |  1- 3 |  4- 6 |  7- 9 || total
-------------------------+-------+-------+-------++-------
Melee: Hand axe          |    64 |    91 |    41 ||   196
       War axe           |       |       |    33 ||    33
Throw: Stone             |    70 |    88 |    51 ||   209
Invok: Berserk           |     1 |     3 |     1 ||     5
       Trog's Hand       |       |     2 |     3 ||     5
  Use: Scroll            |     2 |     7 |       ||     9
       Potion            |     2 |     2 |     3 ||     7
  Eat: Chunk             |     2 |    10 |     5 ||    17

Vault maps used:
D:1:      dpeg_arrival_simpleton_c
D:2:      bh_walls_and_bars
D:3:      elyvilon_altar_5, first_bread
D:4:      lemuel_crystal_altar, minmay_temple_entry_grid, uniq_sigmund,
          uniq_edmund, uniq_grinder
D:5:      nicolae_ru_great_annihilating_truth, vehumet_statue, uniq_pikel
